 Dungeon Crawl Stone Soup version 0.17-a0-1946-gfb768fe (webtiles) character file.

266 HungrySpirit the Ruffian (level 6, -2/47 HPs)
             Began as a Draconian Transmuter on Oct 1, 2015.
             Slain by a shadow imp (5 damage)
             ... summoned by Natasha
             ... on level 3 of the Dungeon.
             The game lasted 00:07:09 (3588 turns).

HungrySpirit the Ruffian (Draconian Transmuter)     Turns: 3588, Time: 00:07:09

Health: -2/47      AC:  7    Str: 16    XL:     6   Next: 0%
Magic:  10/10      EV: 12    Int: 16    God:
Gold:   161        SH:  0    Dex: 11    Spells: 3 memorised, 4 levels left

rFire  . . .     SeeInvis .       - Unarmed
rCold  . . .     Clarity  .     (armour unavailable)
rNeg   . . .     SustAt   .     (no shield)
rPois  .         Gourm    .     (helmet restricted)
rElec  .         Spirit   .     (no cloak)
rCorr  .         Warding  .     g - +0 pair of gloves
rMut   .         Stasis   .     (no boots)
MR     .....                    (no amulet)
Stlth  +.........               (no ring)
                                h - +4 ring of strength

@: appendage, not resistant to hostile enchantments, very unstealthy
A: unfitting armour, horns 2, cold-blooded, AC +6
a: End Transformation


You were on level 3 of the Dungeon.
You were hungry.
You had grown temporary horns.
You visited 1 branch of the dungeon, and saw 3 of its levels.

You collected 161 gold pieces.

Inventory:

Armour
 g - a +0 pair of gloves (worn)
 n - a +0 buckler
Jewellery
 h - a +4 ring of strength (left hand)
 l - an uncursed ring of ice
Scrolls
 d - 2 scrolls of recharging {unknown}
 e - a scroll of teleportation {unknown}
 j - a scroll of identify {unknown}
 o - a scroll of enchant armour {unknown}
Potions
 a - 2 potions of heal wounds {unknown}
 k - 2 potions of curing {unknown}
 m - a potion of experience {unknown}
 r - a potion of magic {unknown}
Books
 b - a book of Changes

   Spells                             Type                      Level
   a - Beastly Appendage              Transmutation                1
   b - Sticks to Snakes               Transmutation                2
   c - Spider Form                    Transmutation/Poison         3
   d - Ice Form                       Ice/Transmutation            4
   e - Blade Hands                    Transmutation                5
Comestibles
 c - a bread ration
 f - 3 beef jerkies
 i - 2 slices of pizza
 p - a meat ration
 q - a chunk of flesh


   Skills:
 - Level 1.1 Fighting
 - Level 1.7 Dodging
 + Level 4.4 Unarmed Combat
 + Level 3.1 Spellcasting
 * Level 4.1 Transmutations
 + Level 1.6 Ice Magic


You had 4 spell levels left.
You knew the following spells:

 Your Spells              Type           Power        Failure   Level  Hunger
a - Beastly Appendage     Trmt           ###...       4%          1    None
b - Sticks to Snakes      Trmt           ###.......   8%          2    ##.....
c - Ice Form              Ice/Trmt       ##......     63%         4    ####...


Dungeon Overview and Level Annotations

Branches:
Dungeon (3/15)

Altars:

Annotations:
D:3 HungrySpirit's ghost, average DrTm; Natasha


Innate Abilities, Weirdness & Mutations

Your plain brown scales are hard (AC +6).
Your body does not fit into most forms of armour.
You are cold-blooded and may be slowed by cold attacks.
You have a pair of horns on your head.


Message History

You hit Natasha.
You tail-slap Natasha, but do no damage.
Natasha is severely wounded.
The bat hits you.
* * * LOW HITPOINT WARNING * * *
The crimson imp hits you but does no damage.
The shadow imp closely misses you. Natasha completely misses you.
You barely miss Natasha. Your headbutt misses Natasha.
Your tail-slap misses Natasha.
Natasha is severely wounded.
The bat closely misses you. The crimson imp hits you.
* * * LOW HITPOINT WARNING * * *
The shadow imp closely misses you.
Unknown command.
You barely miss Natasha. You headbutt Natasha.
Natasha is almost dead.
The bat hits you but does no damage. Natasha claws you!
* * * LOW HITPOINT WARNING * * *
The crimson imp closely misses you. The shadow imp hits you.
You die...

..# ####........
..# ##...........
####.#
##..............
#.....
#................
#.#
#..............
... #..
#.....Sb......
....##.
#...55h..[.#
....##.
#...@>...###
.......
####.......#
....... #....##..
.......
##...#####.....###
#.......##.... #
##.)###...... #..#
#......## #..#
###...##...
#..###.....####.


You could see Natasha, a crimson imp, an adder, a shadow imp and a bat.

Vanquished Creatures
  Natasha (D:3)
  9 adders
  3 gnolls (D:2)
  An ooze (D:1)
  4 worms
  6 giant geckos
  9 bats
  2 giant cockroaches
  8 hobgoblins
  2 jackals (D:1)
  9 kobolds
  3 giant newts
  10 goblins
  A quokka (D:2)
  12 rats
80 creatures vanquished.

Vanquished Creatures (collateral kills)
  An ogre (D:3)
  A goblin (D:3)
2 creatures vanquished.

Grand Total: 82 creatures vanquished

Notes
Turn   | Place    | Note
--------------------------------------------------------------
     0 | D:1      | HungrySpirit the Draconian Transmuter began the quest for the Orb.
     0 | D:1      | Reached XP level 1. HP: 16/16 MP: 3/3
    89 | D:1      | Reached XP level 2. HP: 12/23 MP: 3/5
   752 | D:1      | Reached XP level 3. HP: 24/28 MP: 4/6
  1129 | D:2      | Learned a level 2 spell: Sticks to Snakes
  1556 | D:2      | Reached XP level 4. HP: 35/35 MP: 7/7
  1562 | D:2      | Learned a level 4 spell: Ice Form
  1622 | D:2      | Reached skill level 4 in Unarmed Combat
  1947 | D:2      | You fall through a shaft!
  1952 | D:3      | Noticed an ogre
  1953 | D:3      | Noticed HungrySpirit's ghost (average DrTm)
  2199 | D:2      | Reached XP level 5. HP: 4/40 MP: 9/9
  2556 | D:3      | Reached skill level 1 in Ice Magic
  2825 | D:3      | Killed an ogre
  3542 | D:3      | Noticed Natasha
  3551 | D:3      | Killed Natasha
  3551 | D:3      | Reached XP level 6. HP: 35/47 MP: 8/10
  3568 | D:3      | Noticed Natasha
  3588 | D:3      | Slain by a shadow imp

Vault maps used:
D:1:      ncdulo_lavacross, hangedman_abyss_or_decor_lesser_grid,
          minmay_misc_feat_chi, st_stairs_8
D:3:      kennysheep_the_goblin_king, first_bread, hangedman_glass_teeth,
          grunt_ministairs_1, uniq_natasha

Action                   |  1- 3 |  4- 6 || total
-------------------------+-------+-------++-------
Melee: Unarmed           |   137 |   200 ||   337
 Cast: Beastly Appendage |     9 |    16 ||    25
       Sticks to Snakes  |     2 |    10 ||    12
 Stab: Sleeping          |     1 |       ||     1
  Eat: Chunk             |     3 |     5 ||     8
       Pizza             |       |     1 ||     1
